 Dungeon Crawl Stone Soup version 0.22-a0-407-gb098539405 (webtiles) character file.

4 PikkenKukken the Skirmisher (level 1, -3/24 HPs)
             Began as an Ogre Abyssal Knight on May 9, 2018.
             Was an Initiate of Lugonu.
             Slain by a gnoll
             ... wielding a +0 halberd
              (4 damage)
             ... on level 1 of the Dungeon.
             The game lasted 00:01:17 (245 turns).

PikkenKukken the Skirmisher (Ogre Abyssal Knight)    Turns: 245, Time: 00:01:17

Health: -3/24      AC:  3    Str: 15    XL:     1   Next: 60%
Magic:  2/2        EV: 10    Int: 13    God:    Lugonu [......]
Gold:   43         SH:  0    Dex:  8    Spells: 0/0 levels left

rFire    . . .     SeeInvis .   a - +1 mace
rCold    . . .     Gourm    .   (no shield)
rNeg     . . .     Faith    .   b - +0 robe
rPois    .         Spirit   .   (helmet restricted)
rElec    .         Reflect  .   (no cloak)
rCorr    .         Harm     .   (gloves unavailable)
MR       .....                  (boots unavailable)
Stlth    +.........             (no amulet)
HPRegen  0.08/turn              (no ring)
MPRegen  0.08/turn              (no ring)

@: no status effects
A: large, unfitting armour, tough skin 1
a: Renounce Religion


You were on level 1 of the Dungeon.
You worshipped Lugonu.
Lugonu was noncommittal.
You were not hungry.

You visited 1 branch of the dungeon, and saw 1 of its levels.
You visited the Abyss 1 time.

You collected 43 gold pieces.

Inventory:

Hand Weapons
 a - a +1 mace (weapon)
Missiles
 d - 20 bolts
Armour
 b - a +0 robe (worn)
Jewellery
 e - an uncursed ring of wizardry {unknown}
Potions
 f - 2 potions of curing {unknown}
Comestibles
 c - a ration


   Skills:
 + Level 4.1 Fighting
 + Level 1.7 Maces & Flails
 + Level 2.1 Dodging
 + Level 2.3 Invocations


You couldn't memorise any spells.
You didn't know any spells.

Dungeon Overview and Level Annotations

Branches:
Dungeon (1/15)

Altars:


Innate Abilities, Weirdness & Mutations

You are too large for most types of armour.
You have tough skin. (AC +1)


Message History

You closely miss the rat. The rat bites you but does no damage.
The gnoll hits you from afar with a halberd!
The rat closely misses you.
You barely miss the rat. The gnoll barely misses you.
The rat barely misses you.
You barely miss the rat. The gnoll barely misses you. The rat bites you.
The gnoll barely misses you.
You barely miss the rat. The rat bites you. The gnoll barely misses you.
The rat bites you but does no damage. The rat bites you.
The gnoll closely misses you.
You hit the gnoll.
The gnoll is lightly wounded.
The rat bites you. The gnoll hits you with a halberd!
* * * LOW HITPOINT WARNING * * *
You hit the gnoll.
The gnoll is lightly wounded.
The rat bites you.
* * * LOW HITPOINT WARNING * * *
The gnoll hits you with a halberd.
You die...

###.#.#........#..........#
#.#...#.#....###.#.########.#
##.#.#.#.##'#####...########.#
.........................>...#
#...#.#........##############
##...#..###.#.###
..............#
###.##..###.#####
#.##..###.†@gb#
#.##.......r#...$..
.#####.###.#####........
........................
######.###.............. # #.#
#.............. # #.#
#.............. # #.#
#............. # #.# #........


You could see a gnoll, a bat and a rat.

Vanquished Creatures
  A dart slug (D:1)
  A bat (D:1)
2 creatures vanquished.

Notes
Turn   | Place    | Note
-------+----------+-------------------------------------------
     0 | Abyss:1  | PikkenKukken the Ogre Abyssal Knight began the quest for the Orb.
     0 | Abyss:1  | Reached XP level 1. HP: 24/24 MP: 2/2
    76 | D:1      | Escaped the Abyss
   245 | D:1      | HP: 1/24 [rat (1)]
   245 | D:1      | Slain by a gnoll

Vault maps used:
D:1:      lemuel_arrival_cross
Abyss:1:  evilmike_abyss_exit_vortex

Action                   || total
-------------------------++-------
Melee: Mace              ||    12
Invok: Depart the Abyss  ||     1
Armor: Robe              ||     6
Dodge: Dodged            ||    11

Table legend:
 A = Spawn XP
 B = Non-spawn XP
 C = Spawn XP percentage of total XP
 D = Spawn monster count
 E = Non-spawn monster count
 F = Spawn count percentage of total count
 G = Total turns spent on level
                    A         B        C        D         E        F      G
               +---------+---------+-------+---------+---------+-------+---------
         Total |       0 |       6 |   0.0 |       0 |       2 |   0.0 |   245
               +---------+---------+-------+---------+---------+-------+---------
           D:1 |       0 |       6 |   0.0 |       0 |       2 |   0.0 |   169
               +---------+---------+-------+---------+---------+-------+---------
